 Dungeon Crawl Stone Soup version 0.31-a0-934-gf4fcaacff8 (webtiles) character file.

Game seed: 8439481601282035217

6231 Malachi the Carver (level 10, -2/83 HPs)
             Began as a Demonspawn Gladiator on Oct 20, 2023.
             Was an Initiate of Yredelemnul.
             Slain by Erica
             ... wielding a +2 scimitar of flaming
              (4 damage)
             ... on level 8 of the Dungeon.
             The game lasted 00:13:48 (7377 turns).

Malachi the Carver (Demonspawn Gladiator)           Turns: 7377, Time: 00:13:50

Health: -2/83      AC: 17    Str: 14    XL:     10   Next: 61%
Magic:  10/10      EV:  7    Int: 10    God:    Yredelemnul [......]
Gold:   404        SH:  0    Dex: 19    Spells: 9/9 levels left

rFire   . . .        y - +5 scythe "Finisher" {speed, execute}
rCold   . . .        (shield currently unavailable)
rNeg    . . .        g - +0 chain mail
rPois   .            c - +0 helmet
rElec   .            q - +0 cloak
rCorr   .            (no gloves)
SInv    .            l - +0 pair of boots
Will    .....        (no amulet)
Stlth   x              - +4 ring of protection
HPRegen 1.13/turn    (no ring)
MPRegen 0.24/turn

%: no passive effects
@: brilliant
A: foul stench 1, magic regeneration, sharp scales 2, demonic touch 1,
regeneration 1
a: Renounce Religion, Recall Undead Harvest


You were on level 8 of the Dungeon.
You worshipped Yredelemnul.
Yredelemnul was noncommittal.
You visited 2 branches of the dungeon, and saw 9 of its levels.

You collected 404 gold pieces.

Inventory:

Hand Weapons
 a - a +0 long sword
 s - a +2 short sword of flaming
 y - the +5 scythe "Finisher" (weapon) {speed, execute}
   (You found it on level 7 of the Dungeon)
Missiles
 d - 3 throwing nets (quivered)
 e - a javelin
 n - 4 curare-tipped darts
 C - 4 poisoned darts
Armour
 c - a +0 helmet (worn)
 g - a +0 chain mail (worn)
 l - a +0 pair of boots (worn)
 q - a +0 cloak (worn)
 u - an orb of wrath
Jewellery
 x - a +4 ring of protection (left hand)
Wands
 k - a wand of flame (38)
 r - a wand of digging (7)
Scrolls
 f - 3 scrolls of blinking
 h - a scroll of enchant weapon
 o - 2 scrolls of poison
 v - 3 scrolls of silence
 A - 2 scrolls of teleportation
 B - 2 scrolls of vulnerability
 E - a scroll of enchant armour {unknown}
 F - a scroll of identify
Potions
 b - a potion of mutation
 i - 2 potions of enlightenment
 j - 4 potions of lignification
 m - a potion of heal wounds {unknown}
 p - 3 potions of curing
 t - a potion of attraction {unknown}
 w - a potion of degeneration {unknown}
 z - 2 potions of brilliance
 D - a potion of invisibility {unknown}
 G - 2 potions of cancellation {unknown}


   Skills:
 + Level 9.3 Fighting
 - Level 12.5 Long Blades
 - Level 1.7 Throwing
 - Level 2.6 Dodging


You had 9 spell levels left.
You didn't know any spells.
Your spell library contained the following spells:

 Spells                   Type           Power      Damage    Failure   Level
 Sublimation of Blood     Necr           0%         N/A       100%        2
 Petrify                  Tmut/Erth      0%         N/A       100%        4
 Irradiate                Conj/Tmut      0%         3d11      100%        5
 Haunt                    Necr/Summ      0%         N/A       100%        7
 Borgnjor's Revivificati  Necr           0%         N/A       100%        8
 Death's Door             Necr           0%         N/A       100%        9


Dungeon Overview and Level Annotations

Branches:
Dungeon (8/15)             Temple (1/1) D:6
   Lair: D:8-11

Altars:
Ashenzari
Cheibriados
Dithmenos
Fedhas
Gozag
Hepliaklqana
Kikubaaqudgha
Nemelex Xobeh
Okawaru
Qazlal
Ru
Sif Muna
Trog
Uskayaw
Vehumet
Wu Jian
Xom
Yredelemnul

Shops:
D:6 =[

Annotations:
D:8 Erica


Innate Abilities, Weirdness & Mutations

You may rarely emit foul miasma when damaged in melee.
You regenerate magic rapidly.
You are mostly covered in razor-sharp scales. (AC +2, Slay +2)
Your touch may inflict minor irresistible damage on your foes.
Your natural rate of healing is unusually fast.


Message History

Something hits your spectral orc wizard!!
Something burns your spectral orc wizard.
Your spectral orc wizard is destroyed!
You closely miss your orc zombie. You closely miss something.
You feel less confused. Something hits you!
* * * LOW HITPOINT WARNING * * *
Something burns you.
* * * LOW HITPOINT WARNING * * *
Something hits you but does no damage.
You swap places.
Something hits your orc zombie! Something burns your orc zombie.
Your orc zombie is destroyed!
You swap places.
What are your orders? t - Shout!
Orders for allies: a - Attack new target. r - Retreat! s - Stop attacking. g - Guard the area. f - Follow me.
Anything else - Cancel.
Gang up on whom?
Press: ? - help, Dir - move target There's nothing there!
You start resting.
You hear some strange, mumbled words.
A lance of force appears from out of thin air!
The lance of force hits your orc zombie!!
Your orc zombie is destroyed!
You hear some strange, mumbled words.
A lance of force appears from out of thin air!
The lance of force hits your orc zombie!!
Your orc zombie is destroyed!
It was a potion of brilliance.
You feel clever all of a sudden. Something hits you!
* * * LOW HITPOINT WARNING * * *
Something burns you.
You die...
Your body rises from the dead as a mindless zombie.

##########
.........#
########.# #.# #.#
##################.#
.......)........@.>#
.###################
.# )#### ....# ....#
....# ....# ....#


There were no monsters in sight!

Vanquished Creatures
  A two-headed ogre (D:6)
  A skeletal warrior (D:7)
  Pikel (D:6)
  Grinder (D:5)
  A hornet (D:8)
  Sigmund (D:6)
  The ghost of Talonman3 the Firebug, an amateur TeFE (D:4)
  4 yaks
  4 wraiths (D:7)
  A steam dragon (D:8)
  Eustachio (D:5)
  A water moccasin (D:5)
  A black bear (D:3)
  3 sky beasts
  An orc warrior (D:7)
  3 ice beasts
  3 ogres
  A lemure (D:6)
  2 phantoms (D:6)
  A bullfrog (D:8)
  A scorpion (D:4)
  2 howler monkeys (D:8)
  3 hounds
  2 jellies
  An orc priest (D:7)
  3 iguanas
  A sleepcap (D:7)
  4 orc wizards
  A sky beast zombie (D:8)
  10 adders
  2 white imps
  3 ufetubi
  24 orcs
  3 bats
  4 endoplasms
  7 giant cockroaches
  5 hobgoblins
  3 quokkas
  5 ball pythons
  3 frilled lizards
  10 goblins
  2 kobolds
  5 rats
137 creatures vanquished.

Vanquished Creatures (collateral kills)
  A hornet (D:8)
  An orc warrior (D:7)
  A centaur (D:8)
  A gnoll sergeant (D:8)
  4 gnolls (D:8)
  An orc (D:8)
9 creatures vanquished.

Vanquished Creatures (others)
  2 hornet zombies (D:8)
  A howler monkey (D:8)
  A centaur zombie (D:8)
  A sky beast zombie (D:7)
  A hound zombie (D:7)
  8 orc zombies
  3 spectral orcs (D:8)
17 creatures vanquished.

Grand Total: 163 creatures vanquished

Notes
Turn   | Place    | Note
-------+----------+-------------------------------------------
     0 | D:1      | Malachi the Demonspawn Gladiator began the quest for the
                  | Orb.
     0 | D:1      | Reached XP level 1. HP: 16/16 MP: 1/1
   274 | D:1      | Reached skill level 3 in Long Blades
   275 | D:1      | Found a faded altar of an unknown god.
   358 | D:1      | You fall into a shaft and drop 1 floor!
   387 | D:2      | Gained mutation: You regenerate magic rapidly. [demonic
                  | ancestry]
   387 | D:2      | Reached XP level 2. HP: 22/22 MP: 2/2
   627 | D:2      | Gained mutation: You are partially covered in razor-sharp
                  | scales. (AC +1, Slay +1) [demonic ancestry]
   627 | D:2      | Reached XP level 3. HP: 27/27 MP: 3/3
   771 | D:2      | Reached skill level 4 in Long Blades
  1066 | D:2      | Identified the +1 leather armour "Ydig" {Str+3}
  1304 | D:3      | Found a shimmering blue altar of Sif Muna.
  1466 | D:3      | Found an iron altar of Okawaru.
  1471 | D:3      | Noticed a black bear
  1478 | D:3      | Killed a black bear
  1479 | D:3      | Reached skill level 5 in Long Blades
  1479 | D:3      | Reached XP level 4. HP: 26/33 MP: 4/4
  1479 | D:3      | Reached XP level 5. HP: 30/38 MP: 5/5
  1521 | D:3      | Identified the +7 dagger of Classification {drain, rPois
                  | Str+5 Int-5 Dex+3}
  1633 | D:3      | Noticed a +0 falchion
  1633 | D:3      | Noticed a +0 dagger
  1633 | D:3      | Noticed a +0 short sword
  1635 | D:3      | Noticed a +0 spear
  1649 | D:3      | Noticed a +0 falchion
  1650 | D:3      | Noticed a +0 short sword
  1650 | D:3      | Noticed a +0 dagger
  1651 | D:3      | Noticed a +0 spear
  1653 | D:3      | Found a hide-covered altar of Uskayaw.
  1894 | D:4      | Reached skill level 6 in Long Blades
  2091 | D:4      | Reached XP level 6. HP: 44/44 MP: 6/6
  2203 | D:4      | Found an opulent altar of Gozag.
  2289 | D:4      | Noticed Talonman3's ghost (amateur TeFE)
  2298 | D:4      | Found a runed translucent gate.
  2298 | D:4      | Found a runed translucent gate.
  2299 | D:4      | Found a runed translucent gate.
  2310 | D:4      | Found a sparkling altar of Nemelex Xobeh.
  2339 | D:4      | Killed Talonman3's ghost
  2340 | D:4      | Reached skill level 7 in Long Blades
  2504 | D:4      | Found an ornate altar of the Wu Jian Council.
  2563 | D:4      | Reached XP level 7. HP: 12/50 MP: 7/7
  3067 | D:5      | Entered Level 5 of the Dungeon
  3132 | D:5      | Noticed Grinder
  3182 | D:5      | Paralysed by Grinder for 3 turns
  3188 | D:5      | Paralysed by Grinder for 2 turns
  3211 | D:5      | Killed Grinder
  3212 | D:5      | Reached skill level 8 in Long Blades
  3617 | D:5      | Noticed Eustachio
  3933 | D:5      | Killed Eustachio
  3934 | D:5      | Reached skill level 9 in Long Blades
  3934 | D:5      | Gained mutation: You may rarely emit foul miasma when
                  | damaged in melee. [demonic ancestry]
  3934 | D:5      | Reached XP level 8. HP: 48/56 MP: 8/8
  4480 | D:5      | Gained mutation: Your natural rate of healing is unusually
                  | fast. [potion of mutation]
  4499 | D:6      | Noticed Pikel
  4531 | D:6      | Killed Pikel
  4532 | D:6      | Reached skill level 10 in Long Blades
  4847 | D:5      | Gained mutation: You are mostly covered in razor-sharp
                  | scales. (AC +2, Slay +2) [demonic ancestry]
  4847 | D:5      | Reached XP level 9. HP: 20/65 MP: 9/9
  4848 | D:5      | Reached skill level 11 in Long Blades
  5053 | D:6      | Found Xoguado's Armour Shop.
  5063 | D:6      | Found a staircase to the Ecumenical Temple.
  5156 | Temple   | Entered the Ecumenical Temple
  5204 | Temple   | Became a worshipper of Yredelemnul the Dark
  5226 | D:6      | Noticed Sigmund
  5235 | D:6      | Killed Sigmund
  5271 | D:6      | Noticed a two-headed ogre
  5278 | D:6      | Killed a two-headed ogre
  5279 | D:6      | Reached skill level 5 in Fighting
  5662 | D:6      | Reached * piety under Yredelemnul
  5680 | D:6      | Found Bases's Jewellery Shop.
  5765 | D:6      | Reached ** piety under Yredelemnul
  6005 | D:7      | Reached skill level 12 in Long Blades
  6061 | D:7      | Reached *** piety under Yredelemnul
  6071 | D:7      | Gained mutation: Your touch may inflict minor irresistible
                  | damage on your foes. [demonic ancestry]
  6071 | D:7      | Reached XP level 10. HP: 24/77 MP: 10/10
  6481 | D:7      | Noticed a skeletal warrior
  6481 | D:7      | Found the +5 scythe "Finisher" {speed, execute}
  6519 | D:7      | Killed a skeletal warrior
  7193 | D:8      | Found a stormy altar of Qazlal.
  7352 | D:8      | Noticed Erica
  7369 | D:8      | HP: 3/83 [something (3)]
  7377 | D:8      | HP: 2/83 [something (10)]
  7377 | D:8      | Slain by Erica

Illustrated notes

Levels and vault maps discovered:
D:1:      nzn_arrival_crosshair, layout_basic, serial_glass, glass_columns_a,
          glass_columns_b, dreamdust_ecumenical_altar_statues, minmay_quantized
D:2:      layout_basic, minivault_4, minmay_increasing_density
D:3:      layout_rooms, nicolae_uskayaw_en_pointe, mainiacjoe_overflow_brackets,
          mainiacjoe_overflow_concentric_impassable
D:4:      layout_loops_ring, grunt_temple_overflow_gold_and_silver,
          kennysheep_mini_moat, mainiacjoe_overflow_cross_hatched,
          gammafunk_ghost_split, hangedman_decor_points, minmay_goblin_outpost
D:5:      layout_basic, uniq_eustachio, uniq_grinder
D:6:      layout_loops_cross, minmay_temple_entry_offerings, serial_shops,
          nicolae_shop_tiny_real_fake_doors, kennysheep_windowed_goal,
          uniq_pikel, uniq_sigmund
D:7:      layout_loops_ring, minmay_guarded_unrand_finisher
D:8:      layout_basic, nicolae_qazlal_scattered_showers, uniq_erica
Temple:   nicolae_temple_god_jail

Skill      XL: |  1  2  3  4  5  6  7  8  9 10 |
---------------+-------------------------------+-----
Long Blades    | 3 5 6 7 9 10 12 | 12.5
Fighting       | 3 6 9 |  9.3
Throwing       | |  1.7
Dodging        | |  2.6

Action                     |  1- 3 |  4- 6 |  7- 9 | 10-12 || total
---------------------------+-------+-------+-------+-------++-------
  Melee: Long sword        |   110 |    85 |   296 |    65 ||   556
         Punch             |     1 |       |     2 |     1 ||     4
         Scythe            |       |       |       |    59 ||    59
         Touch             |       |       |       |    15 ||    15
  Throw: Throwing net      |       |     2 |     1 |       ||     3
  Evoke: Wand              |       |       |       |     1 ||     1
    Use: Scroll            |       |       |    13 |       ||    13
         Potion            |       |       |     1 |     2 ||     3
   Stab: Held in net/web   |       |     1 |       |       ||     1
 Armour: Chain mail        |   105 |    83 |   282 |   127 ||   597
         Leather armour    |     1 |       |       |       ||     1
  Dodge: Dodged            |    49 |    30 |    92 |    33 ||   204

Table legend: (Time is in decaauts)
 A = Elapsed time spent in this place.
 B = Non-inter-level travel time spent in this place.
 C = Inter-level travel time spent in this place.
 D = Time resting spent in this place.
 E = Time spent auto-exploring this place.
 F = Levels seen in this place.
 G = Mean time per level.
                   A        B        C        D        E       F      G
               +--------+--------+--------+--------+--------+-----+--------+
         Total |   7456 |   7320 |    136 |   1568 |   4202 |   9 |  828.4 |
       Dungeon |   7395 |   7270 |    125 |   1568 |   4202 |   8 |  924.4 |
        Temple |     60 |     49 |     11 |      0 |      0 |   1 |   60.0 |
               +--------+--------+--------+--------+--------+-----+--------+

Top non-repeatable levels by time:
     D:5: 1475 daAuts
     D:4: 1426 daAuts
     D:7: 1045 daAuts
     D:6: 996 daAuts
     D:2: 920 daAuts
     D:3: 632 daAuts
     D:8: 537 daAuts
     D:1: 361 daAuts
  Temple: 60 daAuts
